 Dungeon Crawl Stone Soup version 0.27.0-1-g7a089689b8 (webtiles) character file.

Game seed: 18055446107232773522

47 avis the Insei (level 3, -11/43 HPs)
             Began as a Barachi Transmuter on Aug 8, 2021.
             Blown up by Ijyb (16 damage)
             ... with a mindburst bolt
             ... on level 3 of the Dungeon.
             The game lasted 00:06:58 (2738 turns).

avis the Insei (Barachi Transmuter)                 Turns: 2738, Time: 00:06:59

Health: -11/43     AC: 21    Str: 12    XL:     3   Next: 70%
Magic:  3/6        EV:  2    Int: 13    God:
Gold:   119        SH:  0    Dex: 12    Spells: 2/6 levels left

rFire    . . .     SeeInvis .   e - +0 short sword
rCold    + . .     Faith    .   (no shield)
rNeg     + + +     Spirit   .   (armour currently unavailable)
rPois    +         Reflect  .   (helmet currently unavailable)
rElec    .         Harm     .   (cloak currently unavailable)
rCorr    +         Rampage  .   (gloves currently unavailable)
Will     .....     NoTele   +   (boots currently unavailable)
Stlth    +.........             o - amulet of the acrobat
HPRegen  0.14/turn              b - ring of protection from cold
MPRegen  0.10/turn              f - ring of resist corrosion

@: tree-form
A: stationary, stasis, torment immunity, boosted hp, (amphibious), (slowness 1),
(strong legs 1), +LOS
a: no special abilities


You were on level 3 of the Dungeon.
You were a tree.
You visited 1 branch of the dungeon, and saw 3 of its levels.

You collected 119 gold pieces.

Inventory:

Hand Weapons
 e - a +0 short sword (weapon)
Missiles
 g - 13 bolts
 i - 51 stones
 q - 8 sling bullets
Armour
 a - a +0 robe
 n - a +0 leather armour (melded)
 t - a +0 ring mail
Jewellery
 b - a ring of protection from cold (left branch)
 f - a ring of resist corrosion (right branch)
 o - an amulet of the acrobat (around neck)
Scrolls
 d - 2 scrolls of identify {unknown}
 h - a scroll of immolation {unknown}
 j - a scroll of acquirement {unknown}
 k - a scroll of enchant armour {unknown}
 l - a scroll of amnesia {unknown}
 m - a scroll of magic mapping {unknown}
 u - a scroll of teleportation {unknown}
Potions
 c - a potion of might {unknown}
 p - a potion of haste {unknown}
 r - a potion of invisibility {unknown}
 s - a potion of lignification
 v - a potion of magic {unknown}


   Skills:
 - Level 3.0 Fighting
 - Level 2.1 Dodging
 - Level 3.2 Unarmed Combat
 - Level 2.1 Spellcasting
 * Level 2.6 Transmutations
 - Level 2.0 Poison Magic


You had 2 spell levels left.
You knew the following spells:

 Your Spells              Type           Power      Damage    Failure   Level
a - Beastly Appendage     Tmut           16%        N/A       9%          1
p - Spider Form           Tmut/Pois      3%         N/A       28%         3

Your spell library contained the following spells:

 Spells                   Type           Power      Damage    Failure   Level
 Wereblood                Tmut           8%         N/A       13%         2
 Poisonous Vapours        Pois/Air       8%         N/A       26%         2
 Corpse Rot               Necr/Air       N/A        N/A       36%         2
 Ice Form                 Ice/Tmut       4%         N/A       82%         4
 Freezing Cloud           Conj/Ice/Air   0%         6-21      100%        5


Dungeon Overview and Level Annotations

Branches:
Dungeon (3/15)

Altars:
Sif Muna

Annotations:
D:3 Ijyb


Innate Abilities, Weirdness & Mutations

You are a tree.
Your roots penetrate the ground, keeping you stationary.
You cannot be teleported.
You are immune to unholy pain and torment.
Your maximum health is greatly increased.
Your equipment is partially melded.
((You are amphibious.))
((You cover ground slowly.))
((You can hop short distances.))
You have an extended range of vision and can be seen from far away.


Message History

i - 51 stones (gained 20)
Found a spear.
A frilled lizard comes into view.
Casting: Beastly Appendage (safe; 11% risk of failure)
Confirm with . or Enter, or press ? or * to list all spells.
You grow a pair of large bovine horns.
Your feet morph into talons.
The frilled lizard completely misses you.
You hit the frilled lizard.
You kill the frilled lizard!
You see here a frilled lizard corpse.
Your transformation is almost over.
Ijyb the Twisted Goblin comes into view.
She is wielding a +0 club and carrying a wand of mindburst (7).
Ijyb shouts!
Ijyb moves out of view.
Casting: Beastly Appendage (safe; 11% risk of failure)
Confirm with . or Enter, or press ? or * to list all spells.
The spell is extremely dangerous to cast (36% risk of failure)!
Continue anyway?
Your horns disappear.
Your talons disappear.
You turn into a venomous arachnid creature.
Your +0 short sword melds into your body.
Your +0 leather armour melds into your body.
You hit Ijyb but do no damage.
Ijyb is poisoned.
Ijyb hits you with a +0 club.
You hit Ijyb but do no damage.
Ijyb looks as sick as possible!
Ijyb zaps a wand.
Your mind is blasted!
Ouch! That really hurt!
* * * LOW HITPOINT WARNING * * *
It was a potion of lignification.
Your transformation has ended.
Your +0 short sword unmelds from your body.
Your +0 leather armour unmelds from your body.
You turn into a tree.
Your +0 leather armour melds into your body.
Your roots penetrate the ground.
Ijyb grins evilly.
Ijyb hits you but does no damage.
You hit Ijyb but do no damage.
Ijyb is moderately wounded.
A rat comes into view.
Ijyb zaps a wand.
Your mind is blasted!
You die...

........##.# .....##.##.#
.....##.##.# #
........##.###### .#
...........##...###.##.#
#.#..##.##...†.........#
#.#..##..####.#.#.#.##.
.....##.)####.#.#.#r##.#.
................♣g.......
#.##. #..####...#.#.#....
..# #... #........
####.##.#. #..........
........#.##.#....#.#.#
####.## #.#....... ..
.###.##### #.#....# #. ##
.'........ . ...... ..
.##......# #.# ## ..


You could see Ijyb (extremely poisoned) and a rat (wandering).

Vanquished Creatures
  An adder (D:2)
  A worm (D:2)
  4 ball pythons (D:1)
  7 endoplasms
  A giant cockroach (D:3)
  4 goblins
  3 hobgoblins
  5 kobolds
  2 bats
  2 frilled lizards
  3 rats
33 creatures vanquished.

Notes
Turn   | Place    | Note
-------+----------+-------------------------------------------
     0 | D:1      | avis the Barachi Transmuter began the quest for the Orb.
     0 | D:1      | Reached XP level 1. HP: 15/15 MP: 3/3
   640 | D:1      | Reached XP level 2. HP: 22/23 MP: 3/5
  1427 | D:2      | Reached skill level 1 in Poison Magic
  1427 | D:2      | Reached XP level 3. HP: 29/29 MP: 6/6
  1431 | D:2      | Learned a level 3 spell: Spider Form
  1661 | D:2      | Found a shimmering blue altar of Sif Muna.
  1788 | D:2      | Found a faded altar of an unknown god.
  2732 | D:3      | Noticed Ijyb
  2738 | D:3      | Blown up by Ijyb

Illustrated notes

Levels and vault maps discovered:
D:1:      pf_arrival_petrified_forest, layout_basic, serial_forest,
          infiniplex_forest_fountain, infiniplex_forest_clump_tiny,
          infiniplex_forest_lined_3_way, infiniplex_forest_straight_2,
          infiniplex_forest_clump_medium, infiniplex_forest_lined_room_,
          infiniplex_forest_clump_small, infiniplex_forest_end_1
D:2:      layout_basic, basic_altar, shapermc_ecumenical_altar_hornbeckon,
          minmay_pentomino_p2
D:3:      layout_basic, uniq_ijyb

Skill      XL: |  1  2  3 |
---------------+----------+-----
Fighting       | 2 3 |  3.0
Poison Magic   | 1 2 |  2.0
Dodging        | |  2.1
Unarmed Combat | |  3.2
Spellcasting   | |  2.1
Transmutations | |  2.6

Action                   || total
-------------------------++-------
Melee: Unarmed           ||    18
       Short sword       ||    54
       Kick              ||    12
       Headbutt          ||     8
 Cast: Beastly Appendage ||    32
       Spider Form       ||     2
  Use: Potion            ||     1
 Stab: Sleeping          ||     2
Armor: Robe              ||     4
       Leather armour    ||     3
       Skin              ||     1
Dodge: Dodged            ||    27
